 Dungeon Crawl Stone Soup version 0.30.0-5-g1a98f26d00 (webtiles) character file.

Game seed: 9207895082472996021

144 Kurot the Sneak (level 5, 0/43 HPs)
             Began as a Gnoll Brigand on May 11, 2023.
             Was an Initiate of Ru.
             Slain by a phantom (6 damage)
             ... on level 4 of the Dungeon on May 12, 2023.
             The game lasted 00:06:55 (1347 turns).

Kurot the Sneak (Gnoll Brigand)                     Turns: 1347, Time: 00:06:56

Health: 0/43       AC:  3    Str: 11    XL:     5   Next: 26%
Magic:  7/7        EV: 12    Int: 12    God:    Ru [......]
Gold:   106        SH:  0    Dex: 13    Spells: 4/6 levels left

rFire   . . .        a - +2 dagger
rCold   . . .        (no shield)
rNeg    . . .        b - +0 robe
rPois   .            (no helmet)
rElec   .            c - +0 cloak
rCorr   .            (no gloves)
SInv    .            (no boots)
Will    .....        (no amulet)
Stlth   ++++         (no ring)
HPRegen 0.27/turn    (no ring)
MPRegen 0.10/turn

%: no passive effects
@: mighty
A: fangs 1, strong nose, distributed training
a: Renounce Religion


You were on level 4 of the Dungeon.
You worshipped Ru.
Ru was noncommittal.
You visited 2 branches of the dungeon, and saw 5 of its levels.

You collected 106 gold pieces.

Inventory:

Hand Weapons
 a - a +2 dagger (weapon)
Missiles
 d - 9 poisoned darts (quivered)
 e - 3 curare-tipped darts
 f - 3 javelins
Armour
 b - a +0 robe (worn)
 c - a +0 cloak (worn)
Scrolls
 j - a scroll of fear
 m - a scroll of amnesia
 n - a scroll of magic mapping {unknown}
 p - a scroll of teleportation {unknown}
Potions
 g - 3 potions of resistance {unknown}
 h - a potion of lignification {unknown}
 i - a potion of might
 k - a potion of attraction {unknown}
 l - 2 potions of curing {unknown}
 o - a potion of heal wounds {unknown}


   Skills:
 + Level 4.8 Fighting
 + Level 4.8 Short Blades
 + Level 1.4 Long Blades
 + Level 1.4 Axes
 + Level 1.4 Maces & Flails
 + Level 1.4 Polearms
 + Level 1.4 Staves
 + Level 1.4 Ranged Weapons
 + Level 4.8 Throwing
 + Level 1.4 Armour
 + Level 3.0 Dodging
 + Level 7.9 Stealth
 + Level 1.4 Shields
 + Level 1.4 Unarmed Combat
 + Level 1.4 Spellcasting
 + Level 1.1 Conjurations
 + Level 1.1 Hexes
 + Level 1.1 Summonings
 + Level 1.1 Necromancy
 + Level 1.1 Translocations
 + Level 1.1 Transmutations
 + Level 1.1 Fire Magic
 + Level 1.1 Ice Magic
 + Level 1.1 Air Magic
 + Level 1.1 Earth Magic
 + Level 1.1 Poison Magic
 + Level 1.6 Invocations
 + Level 1.4 Evocations


You had 4 spell levels left.
You knew the following spells:

 Your Spells              Type           Power      Damage    Failure   Level
a - Wereblood             Tmut           3%         N/A       26%         2

Your spell library contained the following spells:

 Spells                   Type           Power      Damage    Failure   Level
 Sublimation of Blood     Necr           3%         N/A       26%         2
 Summon Hydra             Summ           1%         N/A       100%        7


Dungeon Overview and Level Annotations

Branches:
Dungeon (4/15)             Temple (1/1) D:4

Altars:
Elyvilon
Fedhas
Hepliaklqana
Okawaru
Qazlal
Ru
Trog
Vehumet
Yredelemnul
The Shining One

Annotations:
D:3 Sigmund


Innate Abilities, Weirdness & Mutations

You have very sharp teeth.
Your uncanny sense of smell can sniff out nearby items.
Your experience applies equally to all skills.


Message History

You barely miss the phantom.
The phantom is heavily damaged.
The phantom hits you.
The phantom blinks!
You blink.
The phantom attacks as you move away! The phantom hits you.
You hit the phantom.
The phantom is heavily damaged.
You closely miss the phantom.
The phantom is heavily damaged.
The phantom hits you but does no damage.
You hit the phantom. You bite the phantom.
The phantom is severely damaged.
The phantom hits you.
The phantom blinks!
You blink.
You miss the phantom. You bite the phantom, but do no damage.
The phantom is severely damaged.
The phantom barely misses you.
You closely miss the phantom. Your bite misses the phantom.
The phantom is severely damaged.
You closely miss the phantom.
The phantom is severely damaged.
The phantom hits you.
* * * LOW HITPOINT WARNING * * *
The phantom blinks!
You blink.
You miss the phantom.
The phantom is severely damaged.
The phantom misses you.
You hit the phantom.
The phantom is severely damaged.
You hit the phantom.
The phantom is severely damaged.
The phantom hits you.
* * * LOW HITPOINT WARNING * * *
You hit the phantom. You bite the phantom, but do no damage.
The phantom is almost destroyed.
The phantom hits you.
* * * LOW HITPOINT WARNING * * *
Unknown command.
It was a potion of might.
You feel very mighty all of a sudden. The phantom hits you.
You die...

###### #†...# #.##.#
#.@#.# ##W#.# #.#.#
######
#.#.######....#
#.#.#...##.##.#
#####.#.#.#....##.#
#.....#.#.#....##.#
#.####..#.##....#.#
#.#..#..#.......#.###


You could see a phantom.

Vanquished Creatures
  An orc priest (D:4)
  Jessica (D:2)
  Terence (D:2)
  2 adders
  3 worms
  A dart slug (D:3)
  2 orcs (D:4)
  A bat (D:3)
  4 endoplasms
  A giant cockroach (D:4)
  4 goblins
  3 hobgoblins (D:4)
  3 jackals (D:2)
  A kobold (D:1)
  A quokka (D:1)
  A ball python (D:4)
  2 frilled lizards
  2 rats
34 creatures vanquished.

Notes
Turn   | Place    | Note
-------+----------+-------------------------------------------
     0 | D:1      | Kurot the Gnoll Brigand began the quest for the Orb.
     0 | D:1      | Reached XP level 1. HP: 20/20 MP: 1/1
   174 | D:1      | Reached XP level 2. HP: 26/26 MP: 2/2
   297 | D:2      | Noticed Terence
   302 | D:2      | Killed Terence
   303 | D:2      | Reached skill level 1 in Invocations
   303 | D:2      | Reached XP level 3. HP: 31/31 MP: 2/4
   307 | D:2      | Learned a level 2 spell: Wereblood
   316 | D:2      | Noticed Jessica
   324 | D:2      | Killed Jessica
   325 | D:2      | Reached skill level 1 in Long Blades
   325 | D:2      | Reached skill level 1 in Axes
   325 | D:2      | Reached skill level 1 in Maces & Flails
   325 | D:2      | Reached skill level 1 in Polearms
   325 | D:2      | Reached skill level 1 in Staves
   325 | D:2      | Reached skill level 1 in Ranged Weapons
   325 | D:2      | Reached skill level 1 in Armour
   325 | D:2      | Reached skill level 1 in Shields
   325 | D:2      | Reached skill level 1 in Unarmed Combat
   325 | D:2      | Reached skill level 1 in Spellcasting
   325 | D:2      | Reached skill level 1 in Evocations
   325 | D:2      | Reached XP level 4. HP: 34/38 MP: 3/5
   475 | D:2      | Reached skill level 1 in Conjurations
   475 | D:2      | Reached skill level 1 in Hexes
   475 | D:2      | Reached skill level 1 in Summonings
   475 | D:2      | Reached skill level 1 in Necromancy
   475 | D:2      | Reached skill level 1 in Translocations
   475 | D:2      | Reached skill level 1 in Transmutations
   475 | D:2      | Reached skill level 1 in Fire Magic
   475 | D:2      | Reached skill level 1 in Ice Magic
   475 | D:2      | Reached skill level 1 in Air Magic
   475 | D:2      | Reached skill level 1 in Earth Magic
   475 | D:2      | Reached skill level 1 in Poison Magic
   580 | D:3      | Noticed Sigmund
   667 | D:4      | Reached XP level 5. HP: 18/43 MP: 5/7
   706 | D:4      | Found a staircase to the Ecumenical Temple.
   972 | Temple   | Entered the Ecumenical Temple
   980 | Temple   | Became a worshipper of Ru the Awakened
  1077 | D:4      | Noticed a phantom
  1347 | D:4      | Slain by a phantom

Illustrated notes

Levels and vault maps discovered:
D:1:      lemuel_arrival_hallway, layout_loops_cross
D:2:      layout_loops_ring, uniq_jessica, uniq_terence, uniq_robin
D:3:      layout_rooms, uniq_natasha, uniq_sigmund
D:4:      layout_basic, minmay_temple_entry_junction_2
Temple:   eino_narrow_crystal_temple

Skill      XL: |  1  2  3  4  5 |
---------------+----------------+-----
Invocations    | 1 |  1.6
Long Blades    | 1 |  1.4
Axes           | 1 |  1.4
Maces & Flails | 1 |  1.4
Polearms       | 1 |  1.4
Staves         | 1 |  1.4
Ranged Weapons | 1 |  1.4
Armour         | 1 |  1.4
Shields        | 1 |  1.4
Unarmed Combat | 1 |  1.4
Spellcasting   | 1 |  1.4
Evocations     | 1 |  1.4
Conjurations   | 1 |  1.1
Hexes          | 1 |  1.1
Summonings     | 1 |  1.1
Necromancy     | 1 |  1.1
Translocations | 1 |  1.1
Transmutations | 1 |  1.1
Fire Magic     | 1 |  1.1
Ice Magic      | 1 |  1.1
Air Magic      | 1 |  1.1
Earth Magic    | 1 |  1.1
Poison Magic   | 1 |  1.1
Dodging        | 3 |  3.0
Fighting       | |  4.8
Short Blades   | |  4.8
Throwing       | |  4.8
Stealth        | |  7.9

Action                     |  1- 3 |  4- 6 || total
---------------------------+-------+-------++-------
  Melee: Dagger            |    15 |    98 ||   113
         Bite              |     1 |    20 ||    21
         Punch             |     1 |     2 ||     3
  Throw: Dart              |     2 |    10 ||    12
    Use: Scroll            |       |     3 ||     3
         Potion            |       |     1 ||     1
   Stab: Sleeping          |     9 |     3 ||    12
 Armour: Robe              |       |    12 ||    12
  Dodge: Dodged            |     1 |    28 ||    29
